APP
GREAT FALLS VOYAGERS @ BURLINGTON ROYALS
07/07/2047
 
TOP OF THE 1ST
Great Falls Voyagers batting - Pitching for Burlington Royals : RHP Paul Gibbens
Pitching: RHP Paul Gibbens
Batting: RHB Andy Cotton 0-0: Ball
1-0: SOLO HOME RUN (Flyball, 7D, EV 95.0 MPH), Distance : 367 ft
Batting: RHB Russ Cornett 0-0: Swinging Strike
0-1: Ball
1-1: SINGLE (Groundball, 6MD, EV 103.8 MPH)
Batting: RHB Josiah Wright 0-0: Ball
1-0: Called Strike
1-1: Foul Ball, location: 2F
1-2: Foul Ball, location: 2F
1-2: Foul Ball, location: 2F
1-2: Foul Ball, location: 2F
1-2: Foul Ball, location: 2F
1-2: Ball
2-2: Foul Ball, location: 2F
2-2: Ball
3-2: TRIPLE (Flyball, 8RXD, EV 97.5 MPH)
Russ Cornett scores
Batting: RHB Billy Grubbs 0-0: Ball
1-0: Swinging Strike
1-1: Ball
2-1: Reached on error, E6 (Groundball, 6, EV 98.1 MPH)
Josiah Wright scores
Batting: RHB Mitch Cuadros 0-0: Ball
1-0: Ball
2-0: Ball
3-0: Base on Balls
Billy Grubbs to second
Batting: SHB Veit Geisler 0-0: Ball
1-0: Called Strike
1-1: Ball
2-1: Fly out, F7 (Flyball, 7S, EV 75.0 MPH)
Batting: RHB Francisco Marin 0-0: Ball
1-0: Ball
Billy Grubbs steals 3rd base
2-0: Foul Ball, location: 2F
2-1: Foul Ball, location: 2F
2-2: Grounds into double play, 4-6-3 (Groundball, 4, EV 85.0 MPH)
Top of the 1st over - 3 runs, 3 hits, 1 error, 1 left on base; Great Falls 3 - Burlington 0
BOTTOM OF THE 1ST
Burlington Royals batting - Pitching for Great Falls Voyagers : RHP Alje Velders
Pitching: RHP Alje Velders
Batting: RHB Mike Bearden 0-0: Ball
1-0: Foul Ball, location: 2F
1-1: Foul Ball, location: 2F
1-2: Ball
2-2: Ball
3-2: Base on Balls
Batting: LHB Pablo Serrato 0-0: Called Strike
0-1: Called Strike
0-2: Ball
1-2: Strikes out swinging
Batting: RHB Chang-keun Baik 0-0: Ball
1-0: Swinging Strike
1-1: Fly out, F8 (Flyball, 8LS, EV 96.9 MPH)
Batting: RHB Carlos Almada 0-0: Ball
1-0: Called Strike
1-1: Ball
2-1: Swinging Strike
2-2: Ball
3-2: Base on Balls
Mike Bearden to second
Batting: LHB Vicente Hernandez 0-0: Ball
1-0: Ball
2-0: Ball
3-0: Called Strike
3-1: Foul Ball, location: 2F
3-2: Base on Balls
Mike Bearden to third
Carlos Almada to second
Batting: LHB David Bearden 0-0: Foul Ball, location: 2F
0-1: Swinging Strike
0-2: Ball
1-2: Ball
2-2: SINGLE (Line Drive, 56D, EV 95.6 MPH)
Mike Bearden scores
Carlos Almada to third
Vicente Hernandez to second
Runner from 3rd tries for Home, throw by LF and OUT! 7-2
Bottom of the 1st over - 1 run, 1 hit, 0 errors, 2 left on base; Great Falls 3 - Burlington 1
TOP OF THE 2ND
Great Falls Voyagers batting - Pitching for Burlington Royals : RHP Paul Gibbens
Batting: RHB Enrique Gomez 0-0: Ground out 4-3 (Groundball, 4, EV 106.9 MPH)
Batting: RHB David Cortez 0-0: Foul Ball, location: 2F
0-1: Ground out U3 (Groundball, 34, EV 85.0 MPH)
Batting: RHB Andy Cotton 0-0: Ball
1-0: Called Strike
1-1: Ball
2-1: Ball
3-1: Base on Balls
Batting: RHB Russ Cornett 0-0: Ball
1-0: Fly out, F7 (Flyball, 7LD, EV 105.6 MPH)
Top of the 2nd over - 0 runs, 0 hits, 0 errors, 1 left on base; Great Falls 3 - Burlington 1
BOTTOM OF THE 2ND
Burlington Royals batting - Pitching for Great Falls Voyagers : RHP Alje Velders
Batting: RHB Jonas Fernandez 0-0: Ball
1-0: Called Strike
1-1: Ball
2-1: Swinging Strike
2-2: Foul Ball, location: 2F
2-2: Foul Ball, location: 2F
2-2: Strikes out swinging
Batting: RHB Ian Hornsby 0-0: Swinging Strike
0-1: Swinging Strike
0-2: Strikes out looking
Batting: RHB Carlos Santoni 0-0: Ball
1-0: Called Strike
1-1: Ball
2-1: Ball
3-1: Called Strike
3-2: Foul Ball, location: 2F
3-2: DOUBLE (Groundball, 5L, EV 98.1 MPH)
Batting: RHB Mike Bearden 0-0: Foul Ball, location: 2F
0-1: Ball
1-1: Ball
2-1: Foul Ball, location: 2F
2-2: Fly out, F7 (Flyball, 78M, EV 85.6 MPH)
Bottom of the 2nd over - 0 runs, 1 hit, 0 errors, 1 left on base; Great Falls 3 - Burlington 1
TOP OF THE 3RD
Great Falls Voyagers batting - Pitching for Burlington Royals : RHP Paul Gibbens
Batting: RHB Josiah Wright 0-0: Ball
1-0: Ball
2-0: Ball
3-0: Called Strike
3-1: Foul Ball, location: 2F
3-2: Base on Balls
Batting: RHB Billy Grubbs 0-0: Ball
Josiah Wright steals 2nd, throwing error, E2
Josiah Wright to third
1-0: Foul Ball, location: 2F
1-1: Fly out, F8 (Flyball, 8LXD, EV 106.9 MPH)
Runner from 3rd tags up, SCORES, no throw by CF
Batting: RHB Mitch Cuadros 0-0: Ball
1-0: Ball
2-0: Ball
3-0: Base on Balls
Batting: SHB Veit Geisler 0-0: Ball
1-0: Ball
2-0: Called Strike
2-1: Foul Ball, location: 2F
2-2: Ball
Passed Ball!
Mitch Cuadros to second
3-2: Base on Balls
Batting: RHB Francisco Marin 0-0: Called Strike
0-1: Ball
1-1: Ball
2-1: Foul Ball, location: 2F
2-2: Ball
3-2: Strikes out swinging
Batting: RHB Enrique Gomez 0-0: Ball
1-0: Ball
2-0: Ball
3-0: Called Strike
3-1: Base on Balls
Mitch Cuadros to third
Veit Geisler to second
Batting: RHB David Cortez 0-0: Ball
1-0: Foul Ball, location: 2F
1-1: Called Strike
1-2: Ball
2-2: Strikes out swinging
Top of the 3rd over - 1 run, 0 hits, 1 error, 3 left on base; Great Falls 4 - Burlington 1
BOTTOM OF THE 3RD
Burlington Royals batting - Pitching for Great Falls Voyagers : RHP Alje Velders
Batting: LHB Pablo Serrato 0-0: Called Strike
0-1: TRIPLE (Flyball, 78XD, EV 105.6 MPH)
Batting: RHB Chang-keun Baik 0-0: Called Strike
0-1: Swinging Strike
0-2: Foul Ball, location: 2F
0-2: Ball
1-2: Fly out, F7 (Line Drive, 78M, EV 92.5 MPH)
Batting: RHB Carlos Almada 0-0: Ground out 1-3 (Groundball, P, EV 71.2 MPH)
Batting: LHB Vicente Hernandez 0-0: Called Strike
0-1: Foul Ball, location: 2F
0-2: Ball
1-2: Ball
2-2: Strikes out swinging
Bottom of the 3rd over - 0 runs, 1 hit, 0 errors, 1 left on base; Great Falls 4 - Burlington 1
TOP OF THE 4TH
Great Falls Voyagers batting - Pitching for Burlington Royals : RHP Paul Gibbens
Pitching: RHP Chance Griffin
Batting: RHB Andy Cotton 0-0: Ball
1-0: Swinging Strike
1-1: Called Strike
1-2: Ground out 6-3 (Groundball, 6, EV 94.4 MPH)
Batting: RHB Russ Cornett 0-0: Called Strike
0-1: Foul Ball, location: 2F
0-2: Ball
1-2: Ball
2-2: Fly out, F4 (Popup, 3S, EV 85.6 MPH)
Batting: RHB Josiah Wright 0-0: Called Strike
0-1: Ball
1-1: Ball
2-1: Ball
3-1: Base on Balls
Batting: RHB Billy Grubbs 0-0: Called Strike
Josiah Wright steals 2nd base
0-1: Foul Ball, location: 2F
0-2: Ground out 5-3 (Groundball, 56, EV 87.5 MPH)
Top of the 4th over - 0 runs, 0 hits, 0 errors, 1 left on base; Great Falls 4 - Burlington 1
BOTTOM OF THE 4TH
Burlington Royals batting - Pitching for Great Falls Voyagers : RHP Alje Velders
Batting: LHB David Bearden 0-0: Ball
1-0: Ball
2-0: DOUBLE (Line Drive, 7LM, EV 110.0 MPH)
Batting: RHB Jonas Fernandez 0-0: Ball
1-0: SINGLE (Groundball, 56D, EV 96.2 MPH)
David Bearden to third
Batting: RHB Ian Hornsby 0-0: Ball
1-0: Foul Ball, location: 2F
1-1: Fielders Choice at 2nd, 6-4 (Groundball, 6, EV 90.0 MPH)
David Bearden scores
Batting: RHB Carlos Santoni 0-0: Called Strike
0-1: Ball
1-1: Swinging Strike
1-2: Strikes out swinging
Batting: RHB Mike Bearden 0-0: Foul Ball, location: 2F
0-1: Ball
1-1: Ball
2-1: Ball
3-1: Base on Balls
Ian Hornsby to second
Batting: LHB Pablo Serrato 0-0: Ball
1-0: SINGLE (Groundball, 4D, EV 106.2 MPH)
Ian Hornsby to third
Mike Bearden to second
Batting: RHB Chang-keun Baik 0-0: Ball
1-0: Foul Ball, location: 2F
1-1: Ball
2-1: Ground out 5-3 (Groundball, 56S, EV 65.0 MPH)
Bottom of the 4th over - 1 run, 3 hits, 0 errors, 3 left on base; Great Falls 4 - Burlington 2
TOP OF THE 5TH
Great Falls Voyagers batting - Pitching for Burlington Royals : RHP Chance Griffin
Batting: RHB Mitch Cuadros 0-0: Foul Ball, location: 2F
0-1: DOUBLE (Flyball, 8LXD, EV 101.2 MPH)
Batting: SHB Veit Geisler 0-0: Ball
1-0: Foul Ball, location: 2F
1-1: Ball
2-1: Ball
3-1: Base on Balls
Batting: RHB Francisco Marin 0-0: Ball
Wild Pitch!
Mitch Cuadros to third
Veit Geisler to second
1-0: DOUBLE (Groundball, 5L, EV 101.9 MPH)
Mitch Cuadros scores
Veit Geisler scores
Batting: RHB Enrique Gomez 0-0: Swinging Strike
0-1: Ball
1-1: Foul Ball, location: 2F
1-2: Foul Ball, location: 2F
1-2: Foul Ball, location: 2F
1-2: Ball
2-2: Ball
3-2: Base on Balls
Batting: RHB David Cortez 0-0: DOUBLE (Line Drive, 3D, EV 101.9 MPH)
Francisco Marin scores
Enrique Gomez to third
Batting: RHB Andy Cotton 0-0: Swinging Strike
0-1: Ball
1-1: Swinging Strike
1-2: Ball
2-2: Strikes out looking
Batting: RHB Russ Cornett 0-0: Ball
1-0: Ball
2-0: Ball
3-0: Called Strike
3-1: Called Strike
3-2: Base on Balls
Batting: RHB Josiah Wright 0-0: Ball
1-0: Ball
2-0: Called Strike
2-1: Ball
3-1: Swinging Strike
3-2: Base on Balls
Enrique Gomez scores
David Cortez to third
Russ Cornett to second
Pitching: RHP Luis Diaz
Batting: RHB Billy Grubbs 0-0: Ball
1-0: Called Strike
1-1: Fielders Choice at 2nd, 4-6 (Groundball, 4, EV 81.2 MPH)
David Cortez scores
Russ Cornett to third
Batting: RHB Mitch Cuadros 0-0: Called Strike
0-1: Called Strike
0-2: Ball
1-2: Foul Ball, location: 2F
1-2: Ball
2-2: Strikes out swinging
Top of the 5th over - 5 runs, 3 hits, 0 errors, 2 left on base; Great Falls 9 - Burlington 2
BOTTOM OF THE 5TH
Burlington Royals batting - Pitching for Great Falls Voyagers : RHP Alje Velders
Pitching: LHP Nick Hamlin
Batting: RHB Carlos Almada 0-0: Ball
1-0: Swinging Strike
1-1: Called Strike
1-2: Foul Ball, location: 2F
1-2: Strikes out looking
Batting: LHB Vicente Hernandez 0-0: Ball
1-0: Ball
2-0: Swinging Strike
2-1: Foul Ball, location: 2F
2-2: Foul Ball, location: 2F
2-2: Strikes out looking
Batting: LHB David Bearden 0-0: Ball
1-0: Fly out, F8 (Flyball, 8RXD, EV 83.1 MPH)
Bottom of the 5th over - 0 runs, 0 hits, 0 errors, 0 left on base; Great Falls 9 - Burlington 2
TOP OF THE 6TH
Great Falls Voyagers batting - Pitching for Burlington Royals : RHP Luis Diaz
Batting: SHB Veit Geisler 0-0: Ball
1-0: Ball
2-0: Swinging Strike
2-1: Fly out, F9 (Flyball, 9, EV 97.5 MPH)
Batting: RHB Francisco Marin 0-0: Called Strike
0-1: Foul Ball, location: 2F
0-2: Strikes out swinging
Batting: RHB Enrique Gomez 0-0: Ball
1-0: Ball
2-0: Called Strike
2-1: Ball
3-1: Base on Balls
Batting: RHB David Cortez 0-0: Called Strike
Enrique Gomez steals 2nd base
0-1: Ball
1-1: Called Strike
1-2: Foul Ball, location: 2F
1-2: Strikes out swinging
Top of the 6th over - 0 runs, 0 hits, 0 errors, 1 left on base; Great Falls 9 - Burlington 2
BOTTOM OF THE 6TH
Burlington Royals batting - Pitching for Great Falls Voyagers : LHP Nick Hamlin
Batting: RHB Jonas Fernandez 0-0: Ball
1-0: Ball
2-0: Ball
3-0: Base on Balls
Batting: RHB Ian Hornsby 0-0: Foul Ball, location: 2F
0-1: Ball
1-1: Foul Ball, location: 2F
1-2: Foul Ball, location: 2F
1-2: Ball
2-2: Strikes out swinging
Batting: RHB Carlos Santoni 0-0: Called Strike
0-1: SINGLE (Groundball, 56D, EV 97.5 MPH)
Jonas Fernandez to second
Batting: RHB Mike Bearden 0-0: Foul Ball, location: 2F
0-1: Ball
1-1: Foul Ball, location: 2F
1-2: Foul Ball, location: 2F
1-2: Strikes out swinging
Batting: LHB Pablo Serrato 0-0: Foul Ball, location: 2F
0-1: Ball
1-1: SINGLE (Groundball, 56D, EV 95.0 MPH)
Jonas Fernandez to third
Carlos Santoni to second
Runner from 3rd tries for Home, SAFE, throw by LF to home
Batting: RHB Chang-keun Baik 0-0: Ball
1-0: Ball
2-0: 3-RUN HOME RUN (Flyball, 8RXD, EV 113.1 MPH), Distance : 450 ft
Pitching: RHP Tristan Chapple
Batting: RHB Carlos Almada 0-0: Called Strike
0-1: Ball
1-1: Ball
2-1: Foul Ball, location: 2F
2-2: SINGLE (Groundball, 34D, EV 104.4 MPH)
Batting: LHB Vicente Hernandez 0-0: Ball
1-0: Called Strike
1-1: Ball
2-1: Foul Ball, location: 2F
2-2: Strikes out swinging
Bottom of the 6th over - 4 runs, 4 hits, 0 errors, 1 left on base; Great Falls 9 - Burlington 6
TOP OF THE 7TH
Great Falls Voyagers batting - Pitching for Burlington Royals : RHP Luis Diaz
Batting: RHB Andy Cotton 0-0: Foul Ball, location: 2F
0-1: Ball
1-1: Called Strike
1-2: Strikes out swinging
Pitching: LHP Brett Reed
Batting: RHB Russ Cornett 0-0: Ball
1-0: Ball
2-0: Called Strike
2-1: Ball
3-1: Base on Balls
Batting: RHB Josiah Wright 0-0: Ball
1-0: Ball
2-0: Called Strike
2-1: Reached on error, E4 (Groundball, 4S, EV 92.5 MPH)
Russ Cornett to second
Batting: RHB Billy Grubbs 0-0: 3-RUN HOME RUN (Flyball, 7LD, EV 93.1 MPH), Distance : 343 ft
Batting: RHB Mitch Cuadros 0-0: Called Strike
0-1: Ball
1-1: Ball
2-1: Swinging Strike
2-2: Strikes out swinging
Batting: SHB Veit Geisler 0-0: Ball
1-0: SINGLE (Line Drive, 9LS, EV 94.4 MPH)
Batting: RHB Francisco Marin 0-0: Ball
1-0: Called Strike
1-1: Swinging Strike
1-2: Ball
2-2: Fly out, F7 (Flyball, 7, EV 80.0 MPH)
Top of the 7th over - 3 runs, 2 hits, 1 error, 1 left on base; Great Falls 12 - Burlington 6
BOTTOM OF THE 7TH
Burlington Royals batting - Pitching for Great Falls Voyagers : RHP Tristan Chapple
Batting: LHB David Bearden 0-0: Called Strike
0-1: Ground out 1-3 (Groundball, 34S, EV 70.6 MPH)
Batting: RHB Jonas Fernandez 0-0: Ball
1-0: Ground out 6-3 (Groundball, 6, EV 84.4 MPH)
Batting: RHB Ian Hornsby 0-0: Ball
1-0: Foul Ball, location: 2F
1-1: Ground out 6-3 (Groundball, 6, EV 90.6 MPH)
Bottom of the 7th over - 0 runs, 0 hits, 0 errors, 0 left on base; Great Falls 12 - Burlington 6
TOP OF THE 8TH
Great Falls Voyagers batting - Pitching for Burlington Royals : LHP Brett Reed
Batting: RHB Enrique Gomez 0-0: Ground out 6-3 (Groundball, 56, EV 93.8 MPH)
Batting: RHB David Cortez 0-0: Called Strike
0-1: Called Strike
0-2: Foul Ball, location: 2F
0-2: Ball
1-2: Foul Ball, location: 2F
1-2: Strikes out swinging
Batting: RHB Andy Cotton 0-0: Called Strike
0-1: Ball
1-1: Called Strike
1-2: Foul Ball, location: 2F
1-2: Foul Ball, location: 2F
1-2: Foul Ball, location: 2F
1-2: Ball
2-2: Foul Ball, location: 2F
2-2: Ball
3-2: SINGLE (Groundball, 6M, EV 98.1 MPH)
Pitching: LHP Ken Milhouse
Batting: RHB Russ Cornett 0-0: Ball
1-0: Called Strike
1-1: Called Strike
1-2: Strikes out swinging
Top of the 8th over - 0 runs, 1 hit, 0 errors, 1 left on base; Great Falls 12 - Burlington 6
BOTTOM OF THE 8TH
Burlington Royals batting - Pitching for Great Falls Voyagers : RHP Tristan Chapple
Batting: RHB Carlos Santoni 0-0: Ball
1-0: Swinging Strike
1-1: Ball
2-1: Ball
3-1: Called Strike
3-2: Foul Ball, location: 2F
3-2: Base on Balls
Batting: RHB Mike Bearden 0-0: Ball
1-0: Called Strike
1-1: Grounds into double play, 5-4-3 (Groundball, 15, EV 86.9 MPH)
Batting: LHB Pablo Serrato 0-0: Called Strike
0-1: Ball
1-1: Foul Ball, location: 2F
1-2: Ball
2-2: Ground out 5-3 (Groundball, 56, EV 78.8 MPH)
Bottom of the 8th over - 0 runs, 0 hits, 0 errors, 0 left on base; Great Falls 12 - Burlington 6
TOP OF THE 9TH
Great Falls Voyagers batting - Pitching for Burlington Royals : LHP Ken Milhouse
Batting: RHB Josiah Wright 0-0: SINGLE (Groundball, 34D, EV 94.4 MPH)
Batting: RHB Billy Grubbs 0-0: Ball
1-0: Called Strike
1-1: Called Strike
1-2: Foul Ball, location: 2F
1-2: Ball
2-2: Strikes out swinging
Batting: RHB Mitch Cuadros 0-0: Ball
Josiah Wright steals 2nd base (no throw)
1-0: Ball
2-0: Called Strike
2-1: SINGLE (Line Drive, 3D, EV 94.4 MPH)
Josiah Wright to third
Runner from 3rd tries for Home, SAFE, throw by RF to home
Batting: SHB Veit Geisler 0-0: Foul Ball, location: 2F
0-1: Hit by Pitch
Mitch Cuadros to second
Batting: RHB Francisco Marin 0-0: Called Strike
0-1: Ball
1-1: Ball
2-1: Ball
3-1: Base on Balls
Mitch Cuadros to third
Veit Geisler to second
Batting: RHB Enrique Gomez 0-0: Ball
1-0: Grounds into double play, 6-4-3 (Groundball, 6, EV 85.0 MPH)
Top of the 9th over - 1 run, 2 hits, 0 errors, 2 left on base; Great Falls 13 - Burlington 6
BOTTOM OF THE 9TH
Burlington Royals batting - Pitching for Great Falls Voyagers : RHP Tristan Chapple
Pinch Hitting: RHB Dave Saldana 0-0: Ball
1-0: SINGLE (Groundball, 6MS, EV 73.8 MPH) (infield hit)
Batting: RHB Carlos Almada 0-0: Ball
1-0: Ball
2-0: Swinging Strike
2-1: Grounds into double play, U6-3 (Groundball, 4M, EV 85.6 MPH)
Batting: LHB Vicente Hernandez 0-0: Called Strike
0-1: Called Strike
0-2: Ball
1-2: Ball
2-2: Ball
3-2: Foul Ball, location: 2F
3-2: Base on Balls
Batting: LHB David Bearden 0-0: Ball
1-0: Swinging Strike
1-1: Ground out 5-3 (Groundball, 5, EV 94.4 MPH)
Bottom of the 9th over - 0 runs, 1 hit, 0 errors, 1 left on base; Great Falls 13 - Burlington 6
Thursday, December 15th , 2022 - OOTP Baseball 23.9 Build 102